 Dungeon Crawl Stone Soup version 0.30-a0-591-g3c58d2bc28 (webtiles) character file.

Game seed: 1840494774304302283

62 ragingrage the Grasshopper (level 3, -9/27 HPs)
             Began as a Demonspawn Warper on Jan 6, 2023.
             Mangled by an iguana (13 damage)
             ... on level 2 of the Dungeon.
             The game lasted 00:02:21 (1334 turns).

ragingrage the Grasshopper (Demonspawn Warper)      Turns: 1334, Time: 00:02:22

Health: -9/27      AC:  4    Str: 11    XL:     3   Next: 85%
Magic:  3/6        EV: 11    Int: 14    God:
Gold:   102        SH:  0    Dex: 14    Spells: 3/6 levels left

rFire   . . .      SeeInvis .    a - +0 dagger (venom)
rCold   . . .      Faith    .    (no shield)
rNeg    . . .      Spirit   .    b - +0 leather armour
rPois   .          Reflect  .    (no helmet)
rElec   .          Harm     .    (no cloak)
rCorr   .          Rampage  .    (no gloves)
Will    .....                    o - +0 pair of boots
Stlth   +                        (no amulet)
HPRegen 0.24/turn                (no ring)
MPRegen 0.10/turn                (no ring)

@: very slightly contaminated
A: demonic magic 1
a: no special abilities


You were on level 2 of the Dungeon.
You visited 1 branch of the dungeon, and saw 2 of its levels.

You collected 102 gold pieces.

Inventory:

Hand Weapons
 a - a +0 dagger of venom (weapon)
 e - a +0 falchion
Missiles
 d - 6 boomerangs of dispersal
 f - 6 boomerangs
 g - 4 poisoned darts
 p - a throwing net
Armour
 b - a +0 leather armour (worn)
 o - a +0 pair of boots (worn)
Scrolls
 c - 2 scrolls of blinking
 h - a scroll of amnesia {unknown}
 i - 2 scrolls of identify {unknown}
 l - a scroll of noise {unknown}
 m - a scroll of fog {unknown}
 n - a scroll of fear {unknown}
 s - a scroll of immolation {unknown}
Potions
 j - 2 potions of lignification {unknown}
 q - a potion of resistance {unknown}
 r - a potion of magic {unknown}
 t - a potion of berserk rage {unknown}


   Skills:
 - Level 2.0 Fighting
 + Level 1.4(2.3) Short Blades
 - Level 2.6(2.9) Long Blades
 - Level 0.8 Throwing
 - Level 0.8 Armour
 - Level 1.7 Dodging
 + Level 0.5 Stealth
 - Level 2.0 Spellcasting
 - Level 2.6 Translocations
 + Level 1.8 Poison Magic


You had 3 spell levels left.
You knew the following spells:

 Your Spells              Type           Power      Damage    Failure   Level
a - Sting                 Tmut/Pois      12%        1d3       22%         1
b - Poisonous Vapours     Pois/Air       6%         N/A       32%         2

Your spell library contained the following spells:

 Spells                   Type           Power      Damage    Failure   Level
 Blink                    Tloc           16%        N/A       16%         2
 Gell's Gravitas          Tloc           8%         N/A       30%         3
 Lesser Beckoning         Tloc           16%        N/A       30%         3
 Teleport Other           Tloc           8%         N/A       30%         3
 Vhi's Electric Charge    Tloc/Air       10%        N/A       47%         3
 Manifold Assault         Tloc           8%         N/A       71%         4
 Olgreb's Toxic Radiance  Pois           6%         N/A       83%         4
 Chain Lightning          Conj/Air       0%         2d1       100%        9
 Fire Storm               Conj/Fire      0%         6d1       100%        9
 Shatter                  Erth           0%         3d5*      100%        9


Dungeon Overview and Level Annotations

Branches:
Dungeon (2/15)

Altars:

Shops:
D:1 [


Innate Abilities, Weirdness & Mutations

Spells you cast may paralyse adjacent enemies.


Message History

The helpless worm fails to defend itself.
You puncture the worm!
The worm looks as sick as possible!
The worm is heavily wounded.
The worm is no longer paralysed.
The worm bites you.
You hit the worm.
The worm looks as sick as possible!
The worm is severely wounded.
The iguana hisses angrily.
You hit the worm.
The worm looks as sick as possible!
The worm is almost dead.
The iguana bites you. The worm bites you!
You hit the worm.
You kill the worm!
The iguana bites you!
* * * LOW HITPOINT WARNING * * *
The iguana attacks as you move away! The iguana barely misses you.
The hobgoblin barely misses you.
You feel better. The iguana bites you!
* * * LOW HITPOINT WARNING * * *
The hobgoblin barely misses you.
Unknown command.
Aiming: Sting (safe; 22% risk of failure)
Press: ? - help, Q - select action, (/) - cycle Shift-Dir - straight line, f - hobgoblin
Aim: a hobgoblin (64% to hit)
You miscast Sting.
You are very lightly contaminated with residual magic.
Nothing appears to happen.
The iguana barely misses you. The hobgoblin barely misses you.
Aiming: Sting (safe; 22% risk of failure)
Press: ? - help, Q - select action, (/) - cycle Shift-Dir - straight line, f - iguana, p - hobgoblin
Aim: an iguana (69% to hit)
The sting hits the iguana but does no damage.
The iguana is poisoned.
Malevolent energies surge around you.
The iguana suddenly stops moving!
The hobgoblin hits you.
* * * LOW HITPOINT WARNING * * *
The helpless iguana fails to defend itself.
You puncture the iguana!
The iguana looks as sick as possible!
The iguana is moderately wounded.
The iguana is no longer paralysed.
The iguana bites you!
You die...

P~.~P~....>......##.........#
#..~.~~..........##.....÷...#####
..#...#.....#...............'....
#.#####...[......#..>.......#####
#..........####..#..........#
####.............#.##...##.##
#......######...##...##.#
#....###....gl#.##...+..# #.)..#
#....#@#......#### #....#
#....#...#.#'## ## #....#
#....#####...#########. #....#
#...g# ##.....†...... #....#
#....# +.....[.....# #....#
#....# #...........# #....#
#....# #.........>.. #....#
#....# ............#. ......
###..........#.


You could see an iguana (extremely poisoned) and a hobgoblin.

Vanquished Creatures
  An adder (D:2)
  A gnoll (D:1)
  2 worms (D:2)
  A dart slug (D:2)
  4 ball pythons (D:1)
  3 endoplasms
  5 goblins
  4 hobgoblins
  2 kobolds (D:2)
  2 quokkas (D:2)
  A bat (D:2)
  2 frilled lizards (D:1)
  8 rats
36 creatures vanquished.

Vanquished Creatures (others)
  14 plants (D:2)
14 creatures vanquished.

Grand Total: 50 creatures vanquished

Notes
Turn   | Place    | Note
-------+----------+-------------------------------------------
     0 | D:1      | ragingrage the Demonspawn Warper began the quest for the
                  | Orb.
     0 | D:1      | Reached XP level 1. HP: 16/16 MP: 3/3
   279 | D:1      | Gained mutation: Spells you cast may paralyse adjacent
                  | enemies. [demonic ancestry]
   279 | D:1      | Reached XP level 2. HP: 22/22 MP: 5/5
   281 | D:1      | Learned a level 1 spell: Sting
   382 | D:1      | Reached skill level 1 in Poison Magic
   551 | D:1      | Found Vecwobb's Antique Armour Emporium.
   766 | D:2      | Learned a level 2 spell: Poisonous Vapours
   779 | D:2      | Reached skill level 1 in Short Blades
   779 | D:2      | Reached XP level 3. HP: 27/27 MP: 2/6
  1329 | D:2      | HP: 1/27 [iguana (8)]
  1334 | D:2      | Mangled by an iguana

Illustrated notes

Levels and vault maps discovered:
D:1:      minmay_arrival_diagonal_passages, layout_basic, serial_shops,
          nicolae_shop_hallway_plus
D:2:      layout_basic, serial_bayou_pond_c

Skill      XL: |  1  2 |
---------------+-------+-----
Long Blades    | 2 |  2.6
Poison Magic   | 1 |  1.8
Short Blades   | 1 |  1.4
Fighting       | |  2.0
Throwing       | |  0.8
Armour         | |  0.8
Dodging        | |  1.7
Stealth        | |  0.5
Spellcasting   | |  2.0
Translocations | |  2.6

Action                   || total
-------------------------++-------
Melee: Falchion          ||    28
       Punch             ||     1
       Dagger            ||    51
Throw: Boomerang         ||     1
 Cast: Sting             ||    26
  Use: Potion            ||     2
 Stab: Paralysed         ||    13
Armor: Leather armour    ||    13
Dodge: Dodged            ||    44

Table legend: (Time is in decaauts)
 A = Elapsed time spent in this place.
 B = Non-inter-level travel time spent in this place.
 C = Inter-level travel time spent in this place.
 D = Time resting spent in this place.
 E = Time spent auto-exploring this place.
 F = Levels seen in this place.
 G = Mean time per level.
                   A        B        C        D        E       F      G
               +--------+--------+--------+--------+--------+-----+--------+
         Total |   1336 |   1317 |     19 |    217 |    792 |   2 |  668.0 |
       Dungeon |   1336 |   1317 |     19 |    217 |    792 |   2 |  668.0 |
               +--------+--------+--------+--------+--------+-----+--------+

Top non-repeatable levels by time:
     D:1: 783 daAuts
     D:2: 552 daAuts
